Map: Rorschach LE

Players

NeB - Winner!

  • Race: Zerg Zerg

Meowsenburg

  • Race: Zerg Zerg
  • League: Gold

VOD

Have the link to the VOD?

Description

Time

  • Played on: Aug. 22, 2026, 6:26 p.m.
  • Length: 4:04
Show
View Real Time Build Order
Export as new Build Order

NeB Zerg - Winner!

Build Orders: Pool First 

Get SALT Encoding   

  8  0:02  Drone  
  9  0:11  Drone  
  10  0:17  Drone  
  11  0:22  Drone  
  12  0:46  Spawning Pool  
  12  0:48  Drone  
  12  0:57  Overlord  
  12  1:09  Extractor  
  12  1:10  Drone  
  12  1:17  Drone x2  
  15  1:21  Drone  
  16  1:27  Extractor  
  15  1:33  Zergling x2  
  16  2:05  Hatchery, Queen  
  17  2:09  Drone  
  18  2:17  Drone x2  
  20  2:26  Overlord  
  20  2:53  Zergling x6  
  23  3:05  Spine Crawler  
  22  3:08  Zergling x2  
  23  3:16  Zergling x2  
  24  3:23  Zergling x6, Roach Warren  
  26  3:28  Drone  
  26  3:29  Drone  
Show
View Real Time Build Order
Export as new Build Order

Meowsenburg Zerg 

Build Orders: Pool First 

Get SALT Encoding   

  8  0:01  Drone  
  9  0:11  Drone  
  10  0:17  Drone  
  11  0:22  Drone  
  12  0:30  Extractor  
  12  0:31  Extractor  
  12  0:35  Drone  
  11  0:41  Overlord  
  13  1:01  Spawning Pool  
  13  1:03  Drone  
  13  1:11  Drone  
  13  1:12  Drone  
  13  1:16  Drone  
  16  1:27  Extractor  
  16  1:28  Drone  
  16  1:34  Drone  
  17  1:45  Drone  
  18  1:54  Drone  
  19  2:03  Drone  
  20  2:12  Hatchery, Overlord  
  19  2:36  Drone  
  20  2:37  Zergling x2  
  20  2:40  Queen  
  20  2:44  Roach Warren, Metabolic Boost  
  22  2:46  Drone  
  23  2:57  Zergling x2  
  24  3:03  Zergling x2  
  25  3:19  Zergling x2  
  26  3:29  Zergling x2  
  26  3:30  Zergling x2  
  28  3:39  Zergling x4, Evolution Chamber  
Tags
 
Add a new tag
Caveats
  • Supply blocks, unpowered buildings, or Contaminate may cause inaccurate times.
  • Supply counts are checked every 10 seconds.